 Dungeon Crawl Stone Soup version 0.32-a0-732-ga344392067 (webtiles) character file.

Game seed: 8847895785872739643

58336 shadizar the Thaumaturge (level 15, -3/107 HPs)
             Began as a Djinni Conjurer on Mar 16, 2024.
             Was the Champion of Makhleb.
             Engulfed by an ice dragon's freezing vapour (24 damage)
             ... on level 5 of the Lair of Beasts.
             The game lasted 00:29:24 (13983 turns).

shadizar the Thaumaturge (Djinni Conjurer)         Turns: 13983, Time: 00:29:25

Health: -3/107     AC: 20    Str: 15    XL:     15   Next: 29%
Gold:   1172       EV: 11    Int: 27    God:    Makhleb [******] SH: 15 Dex: 15

rFire   + + .        v - staff of earth
rCold   x . .        u - +3 kite shield
rNeg    . . .        e - +0 scale mail of the Harvest Moon {Will+ Str+3 Dex+3}
rPois   ∞            l - +1 helmet
rElec   .            w - +2 cloak {rPois}
rCorr   .            C - +2 pair of gloves
SInv    .            (boots unavailable)
Will    ++...        E - amulet of regeneration
Stlth   +            g - +6 ring of strength
HPRegen 1.17/turn    J - +4 ring of protection
MPRegen 0.00/turn

%: infuse magic (-4 HP)
@: flying
A: sickness immunity, fire resistance 2, cold vulnerability 1, float, innate
caster, HP casting, extra vitality 1
a: Renounce Religion, Minor Destruction, Lesser Servant of Makhleb, Major
Destruction, Greater Servant of Makhleb


You were on level 5 of the Lair of Beasts.
You worshipped Makhleb.
Makhleb was exalted by your worship.
You visited 3 branches of the dungeon, and saw 15 of its levels.

You collected 1172 gold pieces.

Inventory:

Armour
 e - the +0 scale mail of the Harvest Moon (worn) {Will+ Str+3 Dex+3}
   (You found it on level 5 of the Lair of Beasts)

   Str+3:     It affects your strength (+3).
   Dex+3:     It affects your dexterity (+3).
   Will+:     It increases your willpower.
 f - +0 swamp dragon scales
 l - a +1 helmet (worn)
 u - a +3 kite shield (worn)
 w - a +2 cloak of poison resistance (worn)
 B - a +2 robe of cold resistance
 C - a +2 pair of gloves (worn)
Magical Staves
 v - a staff of earth (weapon)
Jewellery
 g - a +6 ring of strength (left hand)
 n - a ring of fire
 E - an amulet of regeneration (around neck)
 J - a +4 ring of protection (right hand)
 K - a ring of ice
 L - the ring "Ruatuder" {rPois Will+ MP+9 Int+2}
   (You found it on level 3 of the Lair of Beasts)

   [ring of magical power]

   Int+2:     It affects your intelligence (+2).
   rPois:     It protects you from poison.
   Will+:     It increases your willpower.
   MP+9:      It affects your magic capacity (+9).
 M - a ring of protection from cold
Wands
 a - a wand of polymorph (7)
 j - a wand of light (7)
 k - a wand of charming (31)
 q - a wand of mindburst (2)
 y - a wand of iceblast (11)
 F - a wand of flame (13)
Scrolls
 b - 5 scrolls of blinking
 d - a scroll of fear
 m - 6 scrolls of fog
 p - 5 scrolls of identify
 x - 4 scrolls of enchant armour
 z - 3 scrolls of teleportation
 A - a scroll of revelation
 I - a scroll of enchant weapon
Potions
 c - a potion of ambrosia
 h - 4 potions of brilliance
 o - 3 potions of invisibility
 r - a potion of heal wounds
 s - 3 potions of enlightenment
 t - 2 potions of curing
 D - a potion of might
 H - a potion of berserk rage
 N - a potion of haste


   Skills:
 - Level 10.0 Fighting
 + Level 6.9 Armour
 + Level 9.1 Dodging
 - Level 1.5 Stealth
 - Level 12.3 Shields
 * Level 14.4 Spellcasting
 * Level 14.4 Conjurations
 * Level 14.4 Hexes
   Level 0.0 Charms
 * Level 14.4 Summonings
 * Level 14.4 Necromancy
 * Level 14.4 Translocations
   Level 0.0 Transmutations
 * Level 14.4 Fire Magic
 * Level 14.4 Ice Magic
 * Level 14.4 Air Magic
 * Level 14.4 Earth Magic
 * Level 14.4 Alchemy


You knew the following spells:

 Your Spells              Type           Power      Damage    Failure   Level
a - Magic Dart            Conj           100%       1d8       1%          1
b - Searing Ray           Conj           100%       2d8       1%          2
c - Fulminant Prism       Conj/Alch      38%        3d17      1%          4
d - Iskenderun's Mystic   Conj/Tloc      77%        2d15      1%          4
e - Slow                  Hex            100%       N/A       1%          1
f - Mercury Vapours       Alch/Air       100%       N/A       1%          2
g - Blink                 Tloc           100%       N/A       1%          2
h - Vampiric Draining     Necr           77%        2d11      1%          3
i - Summon Forest         Summ/Tloc      38%        N/A       1%          5
j - Yara's Violent Unrav  Hex/Alch       38%        3d15      1%          5
k - Summon Cactus Giant   Summ           38%        N/A       8%          6
Your spell library was empty.

Dungeon Overview and Level Annotations

Branches:
Dungeon (9/15)             Temple (1/1) D:6            Lair (5/5) D:9
 Shoals (0/4) Lair:3        Snake (0/4) Lair:2        Slime (0/5) Lair:4
    Orc: D:9-12

Altars:
Ashenzari
Cheibriados
Dithmenos
Elyvilon
Fedhas
Gozag
Hepliaklqana
Makhleb
Nemelex Xobeh
Okawaru
Qazlal
Ru
Trog
Uskayaw
Wu Jian
Xom
Yredelemnul
Zin
The Shining One

Shops:
D:5 *!

Annotations:
D:6 2 runed translucent doors, Domino's ghost, amateur MDFi
Lair:2 exclusion: oklob plant


Innate Abilities, Weirdness & Mutations

You are immune to sickness and miasma.
You are immune to poison.
Your flesh is very heat resistant. (rF++)
You are vulnerable to cold. (rC-)
You float through the air rather than walking.
You learn spells naturally, not from books.
Your magical power is your life essence.
You have superior vitality. (+4 MHP)


Message History

An ice dragon comes into view.
An ice dragon is nearby!
You see here a swamp dragon corpse.
Casting: Iskenderun's Mystic Blast (mildly dangerous; 1% risk of failure)
Confirm with . or Enter, or press ? or * to list all spells.
Aiming: Fulminant Prism (mildly dangerous; 1% risk of failure)
Press: ? - help, Dir - move target You conjure a prism of explosive energy!
A fulminant prism comes into view.
Your fulminant prism crackles loudly.
Your fulminant prism explodes!
The blast of energy engulfs the ice dragon!!
The ice dragon is moderately wounded.
Casting: Fulminant Prism (mildly dangerous; 1% risk of failure)
Confirm with . or Enter, or press ? or * to list all spells.
Aiming: Fulminant Prism (mildly dangerous; 1% risk of failure)
Press: ? - help, Dir - move target You conjure a prism of explosive energy!
A fulminant prism comes into view.
Unknown command.
Casting: Fulminant Prism (mildly dangerous; 1% risk of failure)
Confirm with . or Enter, or press ? or * to list all spells.
You erupt in a blast of force!
The mystic blast hits the ice dragon!
The ice dragon is heavily wounded.
The ice dragon breathes frost at you. The blast of cold hits you!!!!
You feel a terrible chill!
Ouch! That really hurt!
* * * LOW HITPOINT WARNING * * *
Your fulminant prism crackles loudly.
Unknown command.
Unknown command.
Unknown command.
Casting: Iskenderun's Mystic Blast (mildly dangerous; 1% risk of failure)
Confirm with . or Enter, or press ? or * to list all spells.
You erupt in a blast of force!
The mystic blast hits the ice dragon!
The ice dragon is heavily wounded.
The ice dragon is knocked back by the mystic blast.
* * * LOW HITPOINT WARNING * * *
You are engulfed in freezing vapours.
You die...

.P# ♣....~..♣♣ ..#
♣♣.♣♣.≈≈♣.♣♣ ♣..≈≈≈~♣
.## ♣..♣~~♣♣≈~.♣
~~~D≈~♣ ..#
♣♣.♣†♣♣..≈~♣♣ ~≈≈≈≈~♣
.##
♣..~≈♣♣♣..≈~♣♣.~≈≈≈~♣
..#
♣♣.~♣♣.♣.....♣♣.~≈≈~♣
.P#
♣†≈♣♣..♣..~♣♣♣..†.~.♣
.##
♣.~♣♣♣..♣♣.~~♣♣.~~.P♣
..#
♣♣~.♣♣...♣..@○≈D*~.♣
###
♣♣..♣♣.♣♣♣♣≈.≈≈~...♣
#♣♣~~.♣♣♣♣ ♣♣.~....♣♣
##......### ♣♣♣♣♣♣♣♣
##.........###
.#..#........#
...#.#...##.##
..####...##..#
.#####.#####'#


You could see an ice dragon (ally target) and a friendly fulminant prism.

Vanquished Creatures
  Fannar (Lair:3)
  6 hydras
  A catoblepas (Lair:4)
  A boulder beetle (Lair:5)
  A two-headed ogre (D:9)
  8 death yaks (Lair:5)
  4 skysharks
  A swamp dragon (Lair:5)
  Pikel (D:6)
  Maurice (D:7)
  2 wolf spiders (Lair:5)
  A guardian serpent (Lair:5)
  3 elephants (Lair:4)
  14 black mambas
  2 torpor snails
  26 cane toads
  A kobold demonologist (D:9)
  7 rime drakes
  8 komodo dragons
  A polar bear (Lair:1)
  Grinder (D:4)
  8 blink frogs
  3 hornets
  6 dream sheep (Lair:4)
  15 wyverns
  Eustachio (D:6)
  55 yaks
  8 basilisks
  3 redbacks (Lair:5)
  2 steam dragons
  7 nagas (Lair:2)
  5 acid dragons
  23 water moccasins
  3 orc warriors
  2 ice beasts (D:7)
  A swamp drake (Lair:5)
  15 wolves
  5 centaurs
  3 lemures (D:6)
  3 kobold brigands
  12 bullfrogs
  A gnoll sergeant (D:5)
  3 scorpions
  14 wights
  32 killer bees (Lair:1)
  4 howler monkeys
  2 bombardier beetles
  A hound (D:7)
  A jelly (D:5)
  An orc priest (D:4)
  A sleepcap (D:7)
  Ijyb (D:4)
  Natasha (thrice) (D:4)
  11 iguanas
  4 orc wizards
  10 adders
  7 gnolls
  2 ufetubi (D:5)
  4 ribbon worms
  26 orcs
  10 ball pythons
  7 endoplasms
  6 giant cockroaches
  5 goblins
  6 hobgoblins
  6 jackals
  27 kobolds
  3 quokkas
  3 bats (D:1)
  A frilled lizard (D:1)
  4 rats
  A butterfly (D:6)
  A fulminant prism (Lair:3)
479 creatures vanquished.

Vanquished Creatures (others)
  42 fulminant prisms
42 creatures vanquished.

Grand Total: 521 creatures vanquished

Notes
Turn   | Place    | Note
-------+----------+-------------------------------------------
     0 | D:1      | shadizar the Djinni Conjurer began the quest for the Orb.
     0 | D:1      | shadizar set off with the following spells memorised: Magic
                  | Dart, Searing Ray, Fulminant Prism, Iskenderun's Mystic
                  | Blast.
     0 | D:1      | Reached XP level 1. HP: 15/15 MP: 0/0
    40 | D:1      | Found a faded altar of an unknown god.
    86 | D:1      | Reached XP level 2. HP: 19/21 MP: 0/0
   476 | D:1      | Reached XP level 3. HP: 21/25 MP: 0/0
   476 | D:1      | Learned a level 1 spell: Slow
  1202 | D:2      | Reached XP level 4. HP: 20/31 MP: 0/0
  1458 | D:2      | Found a basalt altar of Yredelemnul.
  1805 | D:3      | Reached skill level 5 in Spellcasting
  1805 | D:3      | Reached skill level 5 in Conjurations
  1805 | D:3      | Reached skill level 5 in Hexes
  1805 | D:3      | Reached skill level 5 in Summonings
  1805 | D:3      | Reached skill level 5 in Necromancy
  1805 | D:3      | Reached skill level 5 in Translocations
  1805 | D:3      | Reached skill level 5 in Fire Magic
  1805 | D:3      | Reached skill level 5 in Ice Magic
  1805 | D:3      | Reached skill level 5 in Air Magic
  1805 | D:3      | Reached skill level 5 in Earth Magic
  1805 | D:3      | Reached skill level 5 in Alchemy
  1805 | D:3      | Reached XP level 5. HP: 28/35 MP: 0/0
  1805 | D:3      | Learned a level 2 spell: Mercury Vapours
  2285 | D:3      | Found an opulent altar of Gozag.
  2454 | D:4      | Noticed Grinder
  2463 | D:4      | Killed Grinder
  2464 | D:4      | Reached XP level 6. HP: 4/40 MP: 0/0
  2732 | D:4      | Identified the +4 pair of boots of the Flute {rPois rC+
                  | Dex+4}
  2742 | D:4      | Noticed Ijyb
  2747 | D:4      | Killed Ijyb
  2748 | D:4      | Reached XP level 7. HP: 30/45 MP: 0/0
  2748 | D:4      | Learned a level 2 spell: Blink
  2879 | D:4      | Noticed Natasha
  2881 | D:4      | Killed Natasha
  3442 | D:4      | Noticed Natasha
  3450 | D:4      | Killed Natasha
  3459 | D:4      | Noticed Natasha
  3464 | D:4      | Killed Natasha
  3887 | D:5      | Entered Level 5 of the Dungeon
  3892 | D:5      | Found Gegucenk's Distillery.
  3897 | D:5      | Identified the +0 leather armour of Yteiro {Str-3 Dex+5}
  4005 | D:5      | Reached XP level 8. HP: 46/50 MP: 0/0
  4392 | D:5      | Found Beappab's Assorted Antiques.
  4897 | D:6      | Noticed Eustachio
  4906 | D:6      | Killed Eustachio
  4907 | D:6      | Reached skill level 1 in Fighting
  4907 | D:6      | Reached skill level 1 in Shields
  4989 | D:6      | Found a large runed translucent door.
  4990 | D:6      | Found a large runed translucent door.
  4992 | D:6      | Noticed Domino's ghost (amateur MDFi)
  5289 | D:6      | Reached XP level 9. HP: 33/59 MP: 0/0
  5289 | D:6      | Learned a level 3 spell: Vampiric Draining
  5625 | D:6      | Found a staircase to the Ecumenical Temple.
  5649 | D:6      | Identified the +1 quarterstaff of Doors {freeze, ^Contam
                  | rF+ rCorr Int+3}
  5671 | Temple   | Entered the Ecumenical Temple
  5699 | Temple   | Became a worshipper of Makhleb the Destroyer
  5901 | D:6      | Noticed Pikel
  5912 | D:6      | Killed Pikel
  5913 | D:6      | Reached skill level 5 in Dodging
  6430 | D:7      | Noticed Maurice
  6443 | D:7      | Reached skill level 5 in Shields
  6445 | D:7      | Killed Maurice
  6446 | D:7      | Reached XP level 10. HP: 41/67 MP: 0/0
  7068 | D:7      | Found a basalt altar of Yredelemnul.
  7070 | D:7      | Found a shadowy altar of Dithmenos.
  7550 | D:8      | Found a broken altar of Ashenzari.
  7732 | D:8      | Reached * piety under Makhleb
  8207 | D:9      | Noticed a kobold demonologist
  8217 | D:9      | Killed a kobold demonologist
  8249 | D:9      | Noticed a two-headed ogre
  8259 | D:9      | Killed a two-headed ogre
  8308 | D:9      | Reached skill level 5 in Fighting
  8308 | D:9      | Found a staircase to the Lair.
  8427 | D:9      | Reached XP level 11. HP: 63/76 MP: 0/0
  8427 | D:9      | Learned a level 5 spell: Summon Forest
  8888 | Lair:1   | Entered Level 1 of the Lair of Beasts
  8917 | Lair:1   | Reached skill level 10 in Shields
  8918 | Lair:1   | Reached ** piety under Makhleb
  9121 | Lair:1   | Reached skill level 1 in Armour
  9313 | Lair:1   | Reached *** piety under Makhleb
  9324 | Lair:1   | Reached XP level 12. HP: 78/86 MP: 0/0
 10040 | Lair:2   | Reached skill level 5 in Armour
 10290 | Lair:2   | Noticed a seven-headed hydra
 10302 | Lair:2   | Killed a seven-headed hydra
 10337 | Lair:2   | Noticed a skyshark
 10346 | Lair:2   | Killed a skyshark
 10455 | Lair:2   | Found a staircase to the Snake Pit.
 10962 | Lair:3   | Noticed Fannar
 10963 | Lair:3   | Noticed a skyshark
 10969 | Lair:3   | Reached XP level 13. HP: 84/93 MP: 0/0
 10969 | Lair:3   | Learned a level 5 spell: Yara's Violent Unravelling
 10972 | Lair:3   | Killed Fannar
 10974 | Lair:3   | Reached **** piety under Makhleb
 11011 | Lair:3   | Reached skill level 10 in Spellcasting
 11011 | Lair:3   | Reached skill level 10 in Conjurations
 11011 | Lair:3   | Reached skill level 10 in Hexes
 11011 | Lair:3   | Reached skill level 10 in Summonings
 11011 | Lair:3   | Reached skill level 10 in Necromancy
 11011 | Lair:3   | Reached skill level 10 in Translocations
 11011 | Lair:3   | Reached skill level 10 in Fire Magic
 11011 | Lair:3   | Reached skill level 10 in Ice Magic
 11011 | Lair:3   | Reached skill level 10 in Air Magic
 11011 | Lair:3   | Reached skill level 10 in Earth Magic
 11011 | Lair:3   | Reached skill level 10 in Alchemy
 11027 | Lair:3   | Identified the ring "Ruatuder" {rPois Will+ MP+9 Int+2}
 11214 | Lair:3   | Found a staircase to the Shoals.
 11602 | Lair:4   | Noticed a catoblepas
 11612 | Lair:4   | Killed a catoblepas
 11613 | Lair:4   | Noticed a five-headed hydra
 11623 | Lair:4   | Killed a five-headed hydra
 11624 | Lair:4   | Reached skill level 10 in Fighting
 11703 | Lair:4   | Found a staircase to the Slime Pits.
 11841 | Lair:4   | Reached ***** piety under Makhleb
 11903 | Lair:4   | Reached XP level 14. HP: 79/103 MP: 0/0
 12802 | Lair:5   | Entered Level 5 of the Lair of Beasts
 12991 | Lair:5   | Found a stormy altar of Qazlal.
 13220 | Lair:5   | Reached XP level 15. HP: 107/107 MP: 0/0
 13220 | Lair:5   | Learned a level 6 spell: Summon Cactus Giant
 13530 | Lair:5   | Reached ****** piety under Makhleb
 13564 | Lair:5   | Identified the +0 scale mail of the Harvest Moon {Will+
                  | Str+3 Dex+3}
 13983 | Lair:5   | Engulfed by an ice dragon's freezing vapour

Illustrated notes

Levels and vault maps discovered:
D:1:      dpeg_arrival_long_road, layout_basic,
          nicolae_ecumenical_snake_handling
D:2:      layout_loops_ring, basic_altar
D:3:      layout_rooms, nicolae_gozag_seed_capital, dk_noncrumbling_4
D:4:      layout_loops_ring, uniq_ijyb, uniq_grinder, uniq_natasha
D:5:      layout_loops_cross, serial_shops, nicolae_shop_industrial_runoff, shop
D:6:      layout_gridville, minmay_temple_entry_butterflies,
          ebering_ghost_disaster_area, uniq_eustachio, uniq_pikel
D:7:      layout_loops_cross, grunt_temple_overflow_open, grunt_decor_clamped,
          uniq_maurice
D:8:      layout_loops_ring, evilmike_ruin_ashenzari, grunt_ministairs_3,
          st_stairs_13, minmay_joined_circles
D:9:      layout_small_grid, dpeg_oklobed_lair
Temple:   mainiacjoe_temple_bowtie_tessellation
Lair:1:   wad_woods_minihive, layout_gridlike, chequers_serial_rivers_large_b
Lair:2:   layout_regular_city, minmay_snake_entry_guardpost_medium
Lair:3:   layout_cave_shapes, shoals_dummy_entry, uniq_fannar
Lair:4:   layout_layer_cave, slime_entry_1, beast_lair_carwin_3,
          infiniplex_staircase_pool_2
Lair:5:   hangedman_lair_tendril_chambers, layout_loops_ring,
          guppyfry_lair_end_dragon, basic_altar, chequers_serial_rivers_room_a,
          infiniplex_staircase_pool

Skill      XL: |  1  2  3  4  5  6  7  8  9 10 11 12 13 14 15 |
---------------+----------------------------------------------+-----
Spellcasting   | 4 5 6 7 8 9 11 13 14 | 14.4
Conjurations   | 4 5 6 7 8 9 11 13 14 | 14.4
Hexes          | 4 5 6 7 8 9 11 13 14 | 14.4
Summonings     | 4 5 6 7 8 9 11 13 14 | 14.4
Necromancy     | 4 5 6 7 8 9 11 13 14 | 14.4
Translocations | 4 5 6 7 8 9 11 13 14 | 14.4
Fire Magic     | 4 5 6 7 8 9 11 13 14 | 14.4
Ice Magic      | 4 5 6 7 8 9 11 13 14 | 14.4
Air Magic      | 4 5 6 7 8 9 11 13 14 | 14.4
Earth Magic    | 4 5 6 7 8 9 11 13 14 | 14.4
Alchemy        | 4 5 6 7 8 9 11 13 14 | 14.4
Fighting       | 2 4 5 7 8 10 | 10.0
Shields        | 2 6 9 11 12 | 12.3
Dodging        | 3 5 7 8 9 |  9.1
Armour         | 3 6 |  6.9
Stealth        | |  1.5

Action                     |  1- 3 |  4- 6 |  7- 9 | 10-12 | 13-15 || total
---------------------------+-------+-------+-------+-------+-------++-------
  Melee: Staff             |       |       |     1 |    17 |    10 ||    28
   Cast: Magic Dart        |    69 |    96 |   114 |     2 |       ||   281
         Iskenderun's Myst |       |     5 |    52 |   234 |   318 ||   609
         Searing Ray       |       |     3 |     1 |     1 |     1 ||     6
         Fulminant Prism   |       |       |    12 |    17 |    15 ||    44
         Summon Cactus Gia |       |       |       |       |     1 ||     1
    Use: Scroll            |       |       |       |       |    22 ||    22
 Armour: Robe              |     4 |     5 |    24 |    49 |    46 ||   128
         Scale mail        |       |       |       |       |     9 ||     9
  Dodge: Dodged            |     4 |     6 |    20 |    39 |    35 ||   104
  Block: Kite shield       |       |       |       |    66 |    89 ||   155

Table legend: (Time is in decaauts)
 A = Elapsed time spent in this place.
 B = Non-inter-level travel time spent in this place.
 C = Inter-level travel time spent in this place.
 D = Time resting spent in this place.
 E = Time spent auto-exploring this place.
 F = Levels seen in this place.
 G = Mean time per level.
                   A        B        C        D        E       F      G
               +--------+--------+--------+--------+--------+-----+--------+
         Total |  14006 |  13541 |    465 |      0 |  10689 |  15 |  933.7 |
       Dungeon |   8837 |   8510 |    327 |      0 |   7214 |   9 |  981.9 |
        Temple |     55 |      5 |     50 |      0 |      0 |   1 |   55.0 |
          Lair |   5113 |   5026 |     87 |      0 |   3475 |   5 | 1022.6 |
               +--------+--------+--------+--------+--------+-----+--------+

Top non-repeatable levels by time:
     D:4: 1377 daAuts
  Lair:4: 1207 daAuts
  Lair:5: 1184 daAuts
     D:6: 1155 daAuts
     D:5: 1075 daAuts
  Lair:1: 1067 daAuts
     D:8: 1045 daAuts
  Lair:2: 1015 daAuts
     D:1: 1012 daAuts
     D:7: 887 daAuts
     D:3: 796 daAuts
     D:2: 775 daAuts
     D:9: 711 daAuts
  Lair:3: 638 daAuts
  Temple: 55 daAuts
